 Dungeon Crawl Stone Soup version 0.20.1-1-g8b1a95d (webtiles) character file.

131 pstr the Conjurer (level 5, 0/28 HPs)
             Began as a Kobold Conjurer on Nov 19, 2017.
             Slain by Grinder (2 damage)
             ... while paralysed by Grinder
             ... on level 3 of the Dungeon.
             The game lasted 00:06:17 (2675 turns).

pstr the Conjurer (Kobold Conjurer)                 Turns: 2675, Time: 00:06:17

Health: 0/28       AC:  2    Str:  5    XL:     5   Next: 37%
Magic:  1/9        EV:  3    Int: 17    God:
Gold:   186        SH:  0    Dex: 16    Spells: 7/10 levels left

rFire    . . .     SeeInvis .   k - +2 short sword (elec)
rCold    + . .     Gourm    .   (shield restricted)
rNeg     . . .     Faith    .   a - +0 robe
rPois    .         Spirit   .   (no helmet)
rElec    .         Reflect  .   (no cloak)
rCorr    +         Harm     .   (no gloves)
MR       .....                  (no boots)
Stlth    ++........             (no amulet)
Regen    0.1/turn               o - ring of resist corrosion
MPRegen  0.2/turn               s - ring of protection from cold

@: paralysed
A: carnivore 3
a: no special abilities


You were on level 3 of the Dungeon.
You were completely stuffed.

You visited 1 branch of the dungeon, and saw 3 of its levels.

You collected 186 gold pieces.

Inventory:

Hand Weapons
 k - a +2 short sword of electrocution (weapon)
Missiles
 d - 150 stones (quivered)
Armour
 a - a +0 robe (worn)
Jewellery
 o - a ring of resist corrosion (left hand)
 s - a ring of protection from cold (right hand)
Scrolls
 h - 2 scrolls of magic mapping {unknown}
 i - 3 scrolls of remove curse {unknown}
 l - a scroll of immolation {unknown}
 m - a scroll of fear {unknown}
 p - 2 scrolls of teleportation {unknown}
 q - a scroll of random uselessness {unknown}
 r - a scroll of identify {unknown}
Potions
 e - 2 potions of heal wounds {unknown}
 f - a potion of haste {unknown}
 g - 2 potions of resistance {unknown}
 j - a potion of experience {unknown}
 t - a potion of ambrosia {unknown}
 u - 2 potions of curing {unknown}
Books
 b - a book of Conjurations

   Spells                             Type                      Level
   a - Magic Dart                     Conjuration                  1
   b - Searing Ray                    Conjuration                  2
   c - Dazzling Spray                 Conjuration/Hexes            3
   d - Fulminant Prism                Conjuration/Hexes            4
   e - Force Lance                    Conjuration/Translocation    4
   f - Iskenderun's Mystic Blast      Conjuration                  4
Comestibles
 c - 3 meat rations
 n - 2 royal jellies


   Skills:
 + Level 2.9 Dodging
 + Level 3.0 Stealth
 + Level 3.2 Spellcasting
 + Level 5.4 Conjurations


You had 7 spell levels left.
You knew the following spells:

 Your Spells              Type           Power        Failure   Level  Hunger
a - Magic Dart            Conj           ###.         1%          1    None
b - Searing Ray           Conj           ###...       2%          2    ##.....


Dungeon Overview and Level Annotations

Branches:
Dungeon (3/15)

Altars:
Elyvilon
Fedhas
Yredelemnul

Annotations:
D:3 Grinder


Innate Abilities, Weirdness & Mutations

You are small and have problems with some larger weapons.
You are carnivorous and can eat meat at any time.


Message History

Press: ? - help, Shift-Dir - straight line, f/p - Grinder
Aim: Grinder (severely wounded)
The magic dart hits Grinder.
Grinder is almost dead.
Grinder misses you.
Wield which item (- for none, * to show all)? (? for menu, Esc to quit)
You hear the crackle of electricity.
k - a +2 short sword of electrocution (weapon)
Grinder gestures at you.
You suddenly lose the ability to move!
Grinder hits you!
You writhe in agony.
Grinder hits you!
* * * LOW HITPOINT WARNING * * *
You writhe in agony.
* * * LOW HITPOINT WARNING * * *
Grinder says, "Just stop there for a second..."
Grinder gestures at you.
You barely resist. Grinder hits you.
You die...

................#
.......................#
.......................#
.....##.....g.........#
#..#............%....#
#....####.....(.....#
#.#.<## #..####(#####
##.#...##..#####5(#
..........##....@.#
.#.##.###.##.######
.#..........[#
.........#...#
........####.##
#.......####..##
#..............#
...###.#...#######
...###.###........


You could see Grinder.

Vanquished Creatures
  5 adders
  A worm (D:3)
  2 leopard geckos (D:2)
  3 orcs (D:3)
  9 bats
  3 giant cockroaches
  11 goblins
  9 hobgoblins
  6 jackals
  A quokka (D:3)
  3 ball pythons
  3 frilled lizards
  10 kobolds
  5 rats
71 creatures vanquished.

Vanquished Creatures (others)
  5 toadstools (D:1)
5 creatures vanquished.

Grand Total: 76 creatures vanquished

Notes
Turn   | Place    | Note
-------+----------+-------------------------------------------
     0 | D:1      | pstr the Kobold Conjurer began the quest for the Orb.
     0 | D:1      | Reached XP level 1. HP: 10/10 MP: 3/3
   180 | D:1      | Reached XP level 2. HP: 15/15 MP: 3/5
   184 | D:1      | Learned a level 2 spell: Searing Ray
   280 | D:1      | You fall through a shaft!
   519 | D:1      | Reached XP level 3. HP: 19/19 MP: 1/6
  1125 | D:2      | Reached XP level 4. HP: 24/24 MP: 0/7
  1194 | D:2      | Found a blossoming altar of Fedhas.
  1466 | D:2      | Reached skill level 5 in Conjurations
  1708 | D:2      | Found a white marble altar of Elyvilon.
  1788 | D:2      | Found a basalt altar of Yredelemnul.
  2131 | D:3      | Reached XP level 5. HP: 28/28 MP: 0/9
  2564 | D:3      | Noticed Grinder
  2671 | D:3      | Paralysed by Grinder for 6 turns
  2675 | D:3      | Slain by Grinder

Skill      XL: |  1  2  3  4  5 |
---------------+----------------+-----
Conjurations   | 5 |  5.4
Spellcasting   | 3 |  3.2
Stealth        | 3 |  3.0
Dodging        | |  2.9

Action                   |  1- 3 |  4- 6 || total
-------------------------+-------+-------++-------
 Cast: Magic Dart        |    68 |    63 ||   131
       Searing Ray       |       |     5 ||     5
  Eat: Chunk             |    10 |     5 ||    15
Armor: Robe              |       |     4 ||     4
Dodge: Dodged            |     4 |    17 ||    21
